 Dungeon Crawl Stone Soup version 0.22.1-2-g9c5b331383 (webtiles) character file.

3411 Ihlosi the Covert (level 10, -12/58 HPs)
             Began as a Kobold Enchanter on Dec 31, 2018.
             Mangled by an orc warrior
             ... wielding a +0 trident
              (22 damage)
             ... on level 8 of the Dungeon.
             The game lasted 00:21:25 (7419 turns).

Ihlosi the Covert (Kobold Enchanter)                Turns: 7419, Time: 00:21:26

Health: -12/58     AC:  7    Str:  6    XL:     10   Next: 25%
Magic:  10/19      EV: 20    Int: 18    God:
Gold:   333        SH:  0    Dex: 17    Spells: 9/21 levels left

rFire    . . .     SeeInvis .   b - +1 dagger (venom)
rCold    + . .     Gourm    .   (shield restricted)
rNeg     . . .     Faith    .   o - +2 robe {rC+}
rPois    .         Spirit   .   p - +0 helmet
rElec    .         Reflect  .   n - +0 cloak
rCorr    +         Harm     .   (no gloves)
MR       .....                  k - +0 pair of boots
Stlth    +++++.....             (no amulet)
HPRegen  0.19/turn              m - ring of stealth
MPRegen  0.16/turn              r - ring of resist corrosion

@: no status effects
A: small, carnivore
a: no special abilities


You were on level 8 of the Dungeon.
You were completely stuffed.

You visited 1 branch of the dungeon, and saw 8 of its levels.

You collected 333 gold pieces.

Inventory:

Hand Weapons
 a - a +3 dagger of draining
 b - a +1 dagger of venom (weapon)
 f - a +1 whip of electrocution
 g - a +1 dagger
 l - a +0 short sword of freezing
Missiles
 j - 2 throwing nets (quivered)
 q - 28 poisoned needles
 x - 14 bolts
Armour
 k - a +0 pair of boots (worn)
 n - a +0 cloak (worn)
 o - a +2 robe of cold resistance (worn)
 p - a +0 helmet (worn)
 y - a +3 leather armour
Jewellery
 m - a ring of stealth (left hand)
 r - a ring of resist corrosion (right hand)
Scrolls
 c - 3 scrolls of teleportation
 e - 7 scrolls of remove curse
 i - a scroll of identify
 t - a scroll of random uselessness {unknown}
 u - a scroll of immolation {unknown}
 v - a scroll of enchant armour {unknown}
 z - a scroll of enchant weapon
Potions
 h - a potion of magic
 s - a potion of resistance
Comestibles
 d - 15 rations


   Skills:
 * Level 4.9 Fighting
 * Level 8.1 Short Blades
 - Level 1.0 Armour
 * Level 7.2 Dodging
 - Level 9.0 Stealth
 - Level 6.2 Spellcasting
 * Level 6.4 Hexes


You had 9 spell levels left.
You knew the following spells:

 Your Spells              Type           Power        Failure   Level  Hunger
a - Dazzling Spray        Conj/Hex       ###...       10%         3    ##.....
b - Ensorcelled Hibernat  Hex/Ice        ###...       4%          2    None
c - Confuse               Hex            ####....     2%          3    ##.....
d - Corona                Hex            ####...      1%          1    None
e - Confusing Touch       Hex            ####..       1%          1    None
f - Swiftness             Chrm/Air       #.......     19%         2    None

Your spell library contained the following spells:

 Spells                   Type           Power        Failure   Level  Hunger
 Tukima's Dance           Hex            ####....     2%          3    ##.....
 Freeze                   Ice            #...         12%         1    None
 Shock                    Conj/Air       #...         12%         1    None
 Throw Frost              Conj/Ice       #.....       19%         2    None
 Gell's Gravitas          Tloc           #.........   34%         3    ##.....
 Ozocubu's Armour         Chrm/Ice       #.......     34%         3    ##.....
 Static Discharge         Conj/Air       #.......     34%         3    ##.....
 Metabolic Englaciation   Hex/Ice        ###.......   65%         5    #####..
 Yara's Violent Unravell  Hex/Tmut       ###.......   65%         5    #####..
 Airstrike                Air            #.........   75%         4    ####...
 Petrify                  Tmut/Erth      #.......     75%         4    ####...
 Summon Ice Beast         Ice/Summ       #.......     75%         4    ####...
 Throw Icicle             Conj/Ice       #.......     75%         4    ####...
 Lightning Bolt           Conj/Air       #.........   97%         5    #####..


Dungeon Overview and Level Annotations

Branches:
Dungeon (8/15)             Temple (0/1) D:6
   Lair: D:8-11

Altars:
Dithmenos
Gozag
Kikubaaqudgha
Makhleb
Nemelex Xobeh
Qazlal
Sif Muna
Uskayaw

Shops:
D:7 :


Innate Abilities, Weirdness & Mutations

You are small and have problems with some larger weapons.
You are carnivorous and can eat meat at any time.


Message History

Aiming: Ensorcelled Hibernation (safe; 4% risk of failure)
Press: ? - help, Shift-Dir - straight line, f - orc warrior
Aim: an orc warrior, wielding a trident and wearing a plate armour (chance to The orc warrior resists with some effort.
The orc barely misses you. The orc warrior barely misses you.
The orc priest miscasts a cantrip.
Casting: Ensorcelled Hibernation (safe; 4% risk of failure)
Confirm with . or Enter, or press ? or * to list all spells.
Aiming: Ensorcelled Hibernation (safe; 4% risk of failure)
Press: ? - help, Shift-Dir - straight line, f/p - orc warrior
Aim: an orc warrior, wielding a trident and wearing a plate armour (chance to The orc warrior resists with some effort.
The orc barely misses you.
The orc wizard casts a spell.
The orc wizard seems to speed up.
The orc warrior hits you with a trident!
* * * LOW HITPOINT WARNING * * *
You feel better. The orc misses you.
The orc warrior hits you with a trident!!
You die...

**,****,,,,******######.#.#
**,* **,,,* #.#.#
*,,*****,,,* ###*****#.#.#
,,,,,,,,,,,* #..,,,,,..#.#
,©,****,,,,* #.#*****###.#
****,,***,,* #$# #.#
,,,,,*,,**,* ##.## #.#
,,***,,,,*,* #...########.#
*,,,,,*,##.###>#@.........#
,©,,*,,,#......oo##########
,*,,**,,#.......##
,,,*,,,,#.####.o#
*,,,,,,*#,* #..#
,,***,**,,* #..#
***©***,,** #..#
,,,,,,,,*****#..#
***,,,,*,,,,,#..#******


You could see an orc warrior, an orc wizard and an orc.

Vanquished Creatures
  A two-headed ogre (D:8)
  Pikel (D:5)
  A hungry ghost (D:7)
  3 black bears
  An orc warrior (D:7)
  A phantom (D:7)
  2 ogres
  3 centaurs
  A big kobold (D:7)
  2 bullfrogs (D:7)
  2 scorpions
  A water moccasin zombie (D:7)
  2 howler monkeys
  A crimson imp (D:5)
  A bullfrog zombie (D:7)
  3 hounds
  Crazy Yiuf (D:2)
  A bullfrog skeleton (D:5)
  4 orc priests
  3 orc wizards
  5 iguanas
  5 worker ants
  A howler monkey zombie (D:5)
  3 gnolls (D:6)
  6 adders
  A shadow imp (D:6)
  2 oozes
  3 worms
  2 dart slugs
  4 leopard geckos
  20 orcs
  3 ball pythons
  A bat zombie (D:2)
  5 giant cockroaches
  12 goblins
  7 hobgoblins
  8 jackals
  4 kobolds
  4 quokkas
  12 bats
  8 frilled lizards
  A jackal skeleton (D:4)
  A quokka zombie (D:7)
  8 rats
  3 rat zombies (D:2)
164 creatures vanquished.

Notes
Turn   | Place    | Note
-------+----------+-------------------------------------------
     0 | D:1      | Ihlosi the Kobold Enchanter began the quest for the Orb.
     0 | D:1      | Reached XP level 1. HP: 10/10 MP: 3/3
   458 | D:1      | Reached XP level 2. HP: 15/15 MP: 5/5
   657 | D:1      | Learned a level 2 spell: Ensorcelled Hibernation
   969 | D:1      | Reached XP level 3. HP: 20/20 MP: 6/6
  1554 | D:2      | Found an ancient bone altar of Kikubaaqudgha.
  1692 | D:2      | Reached XP level 4. HP: 19/24 MP: 7/7
  1954 | D:2      | Reached skill level 1 in Fighting
  1954 | D:2      | Reached skill level 5 in Stealth
  1954 | D:2      | Reached XP level 5. HP: 26/29 MP: 5/9
  1966 | D:2      | Reached skill level 1 in Armour
  2194 | D:2      | Found a runed door.
  2198 | D:2      | Noticed Crazy Yiuf
  2202 | D:2      | Killed Crazy Yiuf
  2310 | D:3      | Reached XP level 6. HP: 34/34 MP: 10/10
  2424 | D:3      | Found a deep blue altar of Sif Muna.
  2613 | D:3      | Reached skill level 6 in Stealth
  2738 | D:3      | Noticed a fire elemental
  2740 | D:3      | Found a stormy altar of Qazlal.
  2741 | D:3      | Noticed an air elemental
  2741 | D:3      | Noticed a water elemental
  3119 | D:4      | Noticed an ogre
  3725 | D:4      | Reached XP level 7. HP: 34/39 MP: 11/11
  3852 | D:4      | Found a shadowy altar of Dithmenos.
  4111 | D:4      | Reached skill level 7 in Stealth
  4141 | D:5      | Entered Level 5 of the Dungeon
  4208 | D:5      | Learned a level 3 spell: Confuse
  4212 | D:5      | Learned a level 3 spell: Dazzling Spray
  4467 | D:5      | HP: 1/40 [centaur/arrow (10)]
  4474 | D:5      | Reached XP level 8. HP: 10/45 MP: 3/13
  4797 | D:5      | Reached skill level 5 in Short Blades
  5101 | D:5      | Reached skill level 8 in Stealth
  5149 | D:5      | Found a sparkling altar of Nemelex Xobeh.
  5246 | D:5      | Noticed Pikel
  5704 | D:5      | Killed Pikel
  5704 | D:5      | Reached skill level 5 in Dodging
  5704 | D:5      | Reached skill level 9 in Stealth
  5704 | D:5      | Reached XP level 9. HP: 51/51 MP: 13/15
  5860 | D:6      | Found an opulent altar of Gozag.
  6055 | D:6      | Found a staircase to the Ecumenical Temple.
  6279 | D:6      | Found a burning altar of Makhleb.
  6363 | D:7      | Reached skill level 5 in Hexes
  6510 | D:7      | Reached skill level 5 in Spellcasting
  6918 | D:7      | Found Webouwn's Book Shop.
  7286 | D:7      | Found a hide-covered altar of Uskayaw.
  7339 | D:7      | Learned a level 1 spell: Confusing Touch
  7342 | D:7      | Learned a level 2 spell: Swiftness
  7387 | D:8      | Reached XP level 10. HP: 35/58 MP: 8/18
  7405 | D:8      | Noticed a two-headed ogre
  7408 | D:8      | Killed a two-headed ogre
  7419 | D:8      | Mangled by an orc warrior

Skill      XL: |  1  2  3  4  5  6  7  8  9 10 |
---------------+-------------------------------+-----
Short Blades   | 2 3 4 6 7 8 |  8.1
Fighting       | 1 2 3 4 |  4.9
Dodging        | 3 4 5 6 7 |  7.2
Stealth        | 5 6 7 9 |  9.0
Armour         | 1 |  1.0
Spellcasting   | 3 4 5 6 |  6.2
Hexes          | 4 5 6 |  6.4

Action                   |  1- 3 |  4- 6 |  7- 9 | 10-12 || total
-------------------------+-------+-------+-------+-------++-------
Melee: Dagger            |   120 |   161 |   280 |     1 ||   562
       Whip              |       |       |    22 |       ||    22
 Cast: Corona            |     4 |       |       |       ||     4
       Ensorcelled Hiber |       |     7 |    32 |     2 ||    41
       Confuse           |       |       |    14 |       ||    14
  Use: Scroll            |     6 |     2 |     4 |       ||    12
       Potion            |       |     1 |     6 |     1 ||     8
 Stab: Sleeping          |    13 |    17 |    29 |     1 ||    60
       Distracted        |       |     1 |     1 |       ||     2
       Confused          |       |       |     2 |       ||     2
  Eat: Chunk             |     9 |     9 |    19 |       ||    37
       Ration            |       |       |     2 |       ||     2
Armor: Robe              |    20 |    20 |    37 |     1 ||    78
Dodge: Dodged            |   107 |   116 |   202 |     4 ||   429
